 Dungeon Crawl Stone Soup version 0.10.0-32-gfa280cc character file.

2216 SmallChange the Sneak (level 9, -10/74 HPs)
             Began as a Naga Enchanter on Apr 19, 2012.
             Was an Initiate of Ashenzari.
             Mangled by a goliath beetle (26 damage)
             ... on Level 7 of the Dungeon on Apr 20, 2012.
             The game lasted 01:02:59 (8054 turns).

SmallChange the Sneak (Naga Enchanter)              Turns: 8054, Time: 01:02:59

HP -10/74        AC 10     Str 10      XL: 9   Next: 22%
MP  20/20        EV 10     Int 16      God: Ashenzari [......]
Gold 193         SH  0     Dex 15      Spells:  6 memorised,  4 levels left

Res.Fire  : . . .   See Invis. : +   K - +2,+4 orc dagger (curse)
Res.Cold  : . . .   Warding    : . . D - +2 orc robe (curse)
Life Prot.: . . .   Conserve   : .   (no shield)
Res.Acid. : . . .   Res.Corr.  : .   (no helmet)
Res.Poison: +       Clarity    : .   I - +0 cloak {darkness} (curse)
Res.Elec. : .       Spirit.Shd : .   w - +2 pair of gauntlets (curse)
Sust.Abil.: . .     Stasis     : .   (no barding)
Res.Mut.  : .       Ctrl.Telep.: .   (no amulet)
Res.Rott. : .       Levitation : .   (no ring)
Saprovore : . . .   Ctrl.Flight: .   (no ring)

@: short of breath, very slow, somewhat resistant to hostile enchantments, very
stealthy
A: spit poison, constrict 1, see invisible, deformed body, poison resistance,
slowness 2
a: Spit Poison, Renounce Religion, Evoke Invisibility


You were on level 7 of the Dungeon.
You worshipped Ashenzari.
Ashenzari was pleased with you.
You were not hungry.

You visited 1 branch of the dungeon, and saw 7 of its levels.
You visited 1 portal chamber: bailey.

You collected 343 gold pieces.
You spent 170 gold pieces at shops.

Inventory:

Hand weapons
 a - a +2,+1 dagger {=f}
 b - a +2,+0 hand axe of returning
 F - a +1 blowgun
 K - a cursed +2,+4 orcish dagger (weapon)
Missiles
 d - 14 +1 darts
 e - 5 +0 javelins
 k - 25 poisoned +0 needles
 p - 23 +4 darts (quivered)
 E - a +0 throwing net
 Q - 19 +0 darts of flame
Armour
 g - a +1 dwarven shield
 q - a +0 pair of orcish gloves
 w - a cursed +2 pair of gauntlets (worn)
 D - a cursed +2 orcish robe (worn)
 I - a cursed +0 cloak of darkness (worn)
 P - a +0 cloak
 V - a +2 orcish robe
Magical devices
 H - a wand of frost (23)
Comestibles
 f - 4 bread rations
 h - 5 meat rations
 B - 10 strawberries
Scrolls
 i - 2 scrolls of identify
 l - 4 scrolls of teleportation
 o - a scroll of blinking
 A - 2 scrolls of fear
 C - 2 scrolls of remove curse
 G - a scroll of enchant weapon II
Potions
 j - 3 potions of agility
 m - 2 potions of resistance
 n - 2 potions of heal wounds
 r - 2 potions of curing
 s - 4 potions of speed
 z - 2 potions of might
 R - 4 potions of water {unknown}
Books
 c - a book of Maledictions

   Spells                             Type                      Level
   *Corona                            Hexes                        1
   *Sure Blade                        Hexes/Charms                 2
   *Ensorcelled Hibernation           Hexes/Ice                    2
   *Confuse                           Hexes                        3
   *Enslavement                       Hexes                        4
   Invisibility                       Hexes                        6
 J - a book of Transfigurations

   Spells                             Type                      Level
   *Stoneskin                         Transmutation/Earth          2
   Condensation Shield                Ice/Transmutation            4
   Ice Form                           Ice/Transmutation            4
   Statue Form                        Transmutation/Earth          6
   Dragon Form                        Fire/Transmutation           7
 L - a book of Geomancy

   Spells                             Type                      Level
   Sandblast                          Earth                        1
   *Stoneskin                         Transmutation/Earth          2
   Passwall                           Transmutation/Earth          3
   Stone Arrow                        Conjuration/Earth            3
   Petrify                            Transmutation/Earth          4
   Lee's Rapid Deconstruction         Earth                        5


   Skills:
 + Level 4.8 Fighting
 + Level 5.7 Short Blades
 - Level 1.0 Throwing
 - Level 1.5 Dodging
 - Level 7.2 Stealth
 - Level 1.0 Stabbing
 - Level 1.1 Unarmed Combat
 * Level 5.4 Spellcasting
 - Level 5.1 Hexes
 - Level 2.0 Transmutations


You had 4 spell levels left.
You knew the following spells:

 Your Spells              Type           Power        Failure   Level  Hunger
a - Corona                Hex            ####....     1%          1    None
b - Stoneskin             Erth/Trmt      ##........   17%         2    Sultana
c - Confuse               Hex            ####.....    6%          3    Choko
e - Enslavement           Hex            ####.....    17%         4    Honeycomb
s - Sure Blade            Hex/Chrm       ###.......   10%         2    Sultana
x - Ensorcelled Hibernat  Ice/Hex        ###....      10%         2    Sultana

Dungeon Overview and Level Annotations

Branches:
Dungeon (7/27)
 Temple: D:4-7          Orc: D:6-11

Altars:
Ashenzari
Yredelemnul

Shops:
D:6: !


Innate Abilities, Weirdness & Mutations

You cannot wear boots.
You can spit poison.
You can use your snake-like lower body to constrict enemies.
Your serpentine skin is tough (AC +3).
You have supernaturally acute eyesight.
Armour fits poorly on your strangely shaped body.
Your system is resistant to poisons.
You cover ground very slowly.


Message History

You constrict the goliath beetle.
The goliath beetle is heavily wounded.
You puncture the goliath beetle but do no damage.
You constrict the goliath beetle.
The goliath beetle is heavily wounded.
The goliath beetle bites you!
* * * LOW HITPOINT WARNING * * *
Drink which item? (? for menu, Esc to quit)
Okay, then.
You release your grip on the goliath beetle.
You have got your breath back.
Use which ability? (? or * to list)
Press: ? - help, Shift-Dir - straight line, f/p - goliath beetle
Aim: a goliath beetle (heavily wounded)
The splash of poison hits the goliath beetle.
The goliath beetle is poisoned.
The goliath beetle is severely wounded.
You feel slightly more hungry. The goliath beetle bites you!
You die...

.... ..... ......
....... ..... ... .
####.#### ..#
##..)...(# # ..
#..B@..((# ....
#((.#.#### .##.#
#(#.#(...# ..#..
#(#.####.########....
#.#...........).#.##.
#.######.######.#....
#....#...# #.#..##
####.#.########'#....
#.#.#.##........##


You could see a goliath beetle.

Vanquished Creatures
  Purgy (D:3)
  9 orc warriors (Port)
  An ogre (D:4)
  2 centaurs
  Sigmund (D:2)
  2 giant frogs (D:6)
  A water moccasin (D:6)
  4 crimson imps
  A hound (D:7)
  2 orc wizards
  5 worker ants
  Jessica (D:2)
  2 gnolls (Port)
  4 adders
  An adder skeleton (D:4)
  A giant mite (D:6)
  An iguana skeleton (D:5)
  A worm (D:3)
  2 giant eyeballs
  2 giant geckos
  2 oozes
  11 orcs
  2 ball pythons
  25 hobgoblins
  3 jackals (D:5)
  A quokka (D:5)
  12 bats
  4 giant cockroaches
  7 giant newts
  26 goblins
  14 kobolds
  12 rats
  3 toadstools (Port)
166 creatures vanquished.

Vanquished Creatures (others)
  A rat (D:5)
  17 toadstools
18 creatures vanquished.

Grand Total: 184 creatures vanquished

Notes
Turn   | Place    | Note
--------------------------------------------------------------
     0 | D:1      | SmallChange, the Naga Enchanter, began the quest for the Orb.
     0 | D:1      | Reached XP level 1. HP: 15/15 MP: 3/3
   168 | D:1      | Reached XP level 2. HP: 13/22 MP: 4/4
   404 | D:1      | Learned a level 2 spell: Ensorcelled Hibernation
   458 | D:1      | Reached skill level 1 in Fighting
   545 | D:1      | Reached skill level 1 in Unarmed Combat
   714 | D:1      | Reached XP level 3. HP: 24/28 MP: 6/6
   881 | D:1      | Reached skill level 4 in Stealth
   903 | D:2      | Found a basalt altar of Yredelemnul.
   903 | D:2      | Noticed Sigmund
  1357 | D:2      | Killed Sigmund
  1357 | D:2      | Reached XP level 4. HP: 25/37 MP: 1/9
  1471 | D:2      | Noticed Jessica
  1486 | D:2      | Killed Jessica
  1486 | D:2      | Reached XP level 5. HP: 41/43 MP: 2/10
  2371 | D:3      | Noticed Purgy
  2384 | D:3      | Learned a level 3 spell: Confuse
  2387 | D:3      | Learned a level 2 spell: Sure Blade
  2404 | D:3      | Killed Purgy
  2404 | D:3      | Reached skill level 5 in Stealth
  2404 | D:3      | Reached XP level 6. HP: 22/50 MP: 6/12
  3321 | D:4      | Found a shattered altar of Ashenzari.
  3739 | D:4      | Paralysed by a giant eyeball for 4 turns
  3920 | D:5      | Entered Level 5 of the Dungeon
  3972 | D:5      | Learned a level 2 spell: Stoneskin
  4149 | D:5      | Reached XP level 7. HP: 44/57 MP: 14/14
  4345 | D:5      | Reached skill level 5 in Hexes
  4754 | D:5      | Reached skill level 1 in Throwing
  5330 | D:6      | Found Gras' Distillery.
  5338 | D:6      | Bought a potion of speed for 55 gold pieces
  5338 | D:6      | Bought a potion of heal wounds for 30 gold pieces
  5338 | D:6      | Bought a potion of heal wounds for 30 gold pieces
  5338 | D:6      | Bought a potion of invisibility for 55 gold pieces
  5899 | D:6      | Reached XP level 8. HP: 66/66 MP: 18/18
  6174 | D:4      | Became a worshipper of Ashenzari the Shackled
  6544 | D:7      | Found a flagged portal. 6572
                  | bailey
                  | Entered the bailey 6620
                  | bailey
                  | Learned a level 4 spell: Enslavement 6782
                  | bailey
                  | Reached skill level 5 in Short Blades 6878
                  | bailey
                  | Reached skill level 5 in Spellcasting 6896
                  | bailey
                  | Reached skill level 1 in Transmutations 7172
                  | bailey
                  | Reached skill level 6 in Stealth 7202
                  | bailey
                  | Reached XP level 9. HP: 6/74 MP: 20/20 7573
                  | bailey
                  | Reached skill level 7 in Stealth
  8054 | D:7      | Mangled by a goliath beetle
